 Dungeon Crawl Stone Soup version 0.26-a0-662-g8b9c6dab81 (webtiles) character file.

Game seed: 16667534472285913109

1645 grandjackal the Skirmisher (level 8, -1/57 HPs)
             Began as a Demonspawn Gladiator on Oct 9, 2020.
             Was a Follower of Hepliaklqana.
             Slain by a wight
             ... wielding a cursed +4 dire flail of freezing
              (6 damage)
             ... on level 7 of the Dungeon.
             The game lasted 00:07:24 (5360 turns).

grandjackal the Skirmisher (Demonspawn Gladiator)   Turns: 5360, Time: 00:07:25

Health: -1/57      AC:  5    Str: 17    XL:     8   Next: 67%
Magic:  10/10      EV: 14    Int: 10    God:    Hepliaklqana [*.....]
Gold:   472        SH:  0    Dex: 14    Spells: 7/7 levels left

rFire    + . .     SeeInvis .   a - +0 long sword
rCold    . . .     Faith    .   (no shield)
rNeg     . . .     Spirit   .   v - +2 leather armour {MR+}
rPois    .         Reflect  .   (helmet restricted)
rElec    .         Harm     .   (no cloak)
rCorr    .         Rampage  .   (no gloves)
MR       +....                  (no boots)
Stlth    +.........             (no amulet)
HPRegen  1.19/turn              c - ring of protection from fire
MPRegen  0.12/turn              (no ring)

@: very slightly contaminated, heavily drained, invisible
A: reduced essence, antennae 1, hooves 1, low mp 1, powered by death 2, spiny 1,
evolution 1
a: Recall Ancestor, Ancestor Identity, Renounce Religion


You were on level 7 of the Dungeon.
You worshipped Hepliaklqana.
Hepliaklqana was aware of your devotion.
You visited 1 branch of the dungeon, and saw 7 of its levels.
You also visited: Sewer.

You collected 472 gold pieces.

Inventory:

Hand Weapons
 a - a +0 long sword (weapon)
 y - a +0 dagger of venom
Missiles
 d - 3 throwing nets (quivered)
 h - 5 curare-tipped darts
Armour
 v - a +2 leather armour of magic resistance (worn)
Jewellery
 c - a ring of protection from fire (left hand)
Wands
 s - a wand of polymorph (5)
 w - a wand of digging (6)
 A - a wand of paralysis (15)
Scrolls
 b - 3 scrolls of teleportation
 e - 2 scrolls of enchant weapon {unknown}
 f - 2 scrolls of blinking {unknown}
 g - 2 scrolls of magic mapping {unknown}
 i - 4 scrolls of identify {unknown}
 k - 2 scrolls of remove curse
 m - a scroll of fog {unknown}
 u - a scroll of noise {unknown}
 z - a scroll of vulnerability {unknown}
 B - a scroll of enchant armour {unknown}
Potions
 l - a potion of curing {unknown}
 n - a potion of resistance
 o - a potion of mutation
 p - a potion of cancellation
 q - a potion of flight {unknown}
 r - a potion of invisibility
 t - a potion of stabbing {unknown}


   Skills:
 + Level 6.1(4.3) Fighting
 + Level 6.0(4.2) Long Blades
 - Level 1.7(0.1) Throwing
 + Level 6.0(4.2) Dodging
 + Level 5.5(3.7) Invocations


You had 7 spell levels left.
You didn't know any spells.
Your spell library contained the following spells:

 Spells                   Type           Power        Failure   Level
 Summon Lightning Spire   Summ/Air       #.......     99%         4
 Silence                  Hex/Air        #.........   100%        5
 Conjure Ball Lightning   Conj/Air       #.........   100%        6
 Tornado                  Air            #.........   100%        9


Dungeon Overview and Level Annotations

Branches:
Dungeon (7/15)             Temple (0/1) D:5           Sewer (visited)

Altars:
Hepliaklqana
Trog
Vehumet

Annotations:
D:7 Joseph, Maggie


Innate Abilities, Weirdness & Mutations

You have a pair of small antennae on your head.
You regenerate health from kills.
You are partially covered in sharp spines.
Your life essence is reduced to manifest your ancestor. (-10% HP)
You have large cloven feet.
Your magical capacity is low. (-10% MP)
You evolve.


Message History

The wight freezes Bubba.
Bubba is destroyed!
You are very lightly contaminated with residual magic.
Unknown command.
Unknown command.
You barely miss the wight. You kick the wight, but do no damage.
The wight is moderately damaged.
The ogre closely misses you.
Joseph smiles happily.
Joseph closely misses you.
You riposte.
You barely miss Joseph.
Joseph is lightly wounded.
The wight barely misses you.
Unknown command.
The wight is struck by your spines.
The wight hits you with a cursed +4 dire flail of freezing!
* * * LOW HITPOINT WARNING * * *
You feel drained.
* * * LOW HITPOINT WARNING * * *
The wight freezes you.
You die...

... #.###. #..
...#.. #... .....
#... ##...#.##.
#.... #...##.#.
.#....##z.......
......>z@.@##.#...
.......Ozz.....#.#
.....###@####..#.#.#
.##. ##z## #..#.#.#
....##...###.<#.#.#
..............#.#.#
##.###...####.#.#.#
##.## #...#.# #.#
#..##.# #.# #..##.#
##.####.## #.....#


You could see Joseph, Maggie, an ogre and 5 wights.

Vanquished Creatures
  Grinder (D:5)
  Sigmund (D:2)
  Menkaure (D:4)
  An orc warrior (D:5)
  A black bear (D:6)
  A necrophage (D:6)
  An ogre (D:6)
  3 bullfrogs
  A scorpion (D:5)
  2 howler monkeys (D:5)
  A jelly (D:5)
  An orc priest (D:2)
  2 orc wizards
  Ijyb (D:5)
  Jessica (D:2)
  A killer bee zombie (D:6)
  A worker ant zombie (D:5)
  A howler monkey zombie (D:7)
  10 adders
  A river rat (D:6)
  2 shadow imps
  2 white imps
  An ooze (D:4)
  An adder zombie (D:7)
  2 worms
  A dart slug (D:2)
  5 leopard geckos
  12 orcs
  5 giant cockroaches
  5 goblins
  7 hobgoblins
  9 jackals
  4 kobolds
  4 quokkas
  3 ball pythons
  6 bats
  9 frilled lizards
  A quokka zombie (D:5)
  4 rats
116 creatures vanquished.

Vanquished Creatures (collateral kills)
  A worker ant (D:4)
  A hound zombie (D:5)
  An adder (Sewer)
  An ufetubus (D:5)
  An adder skeleton (D:4)
  An orc (D:6)
  A hobgoblin (D:4)
  2 ball pythons (Sewer)
  A frilled lizard (Sewer)
  A kobold (D:4)
11 creatures vanquished.

Vanquished Creatures (others)
  3 ancestors
3 creatures vanquished.

Grand Total: 130 creatures vanquished

Notes
Turn   | Place    | Note
-------+----------+-------------------------------------------
     0 | D:1      | grandjackal the Demonspawn Gladiator began the quest for
                  | the Orb.
     0 | D:1      | Reached XP level 1. HP: 16/16 MP: 1/1
   158 | D:1      | Gained mutation: You are partially covered in sharp spines.
                  | [demonic ancestry]
   158 | D:1      | Reached XP level 2. HP: 19/22 MP: 2/2
   725 | D:2      | Noticed Jessica
   732 | D:2      | Killed Jessica
   732 | D:2      | Gained mutation: You regenerate a little health from kills.
                  | [demonic ancestry]
   732 | D:2      | Reached XP level 3. HP: 21/28 MP: 3/3
   871 | D:2      | Gained mutation: You have a pair of small antennae on your
                  | head. [demonic ancestry]
   871 | D:2      | Reached XP level 4. HP: 35/35 MP: 4/4
  1385 | D:2      | Found a radiant altar of Vehumet.
  1531 | D:3      | Reached XP level 5. HP: 26/41 MP: 5/5
  1878 | D:2      | Noticed Sigmund
  1886 | D:2      | Killed Sigmund
  1886 | D:2      | Reached XP level 6. HP: 35/48 MP: 6/6
  2524 | D:3      | Found a hazy altar of Hepliaklqana.
  2532 | D:3      | Became a worshipper of Hepliaklqana the Forgotten
  2841 | D:4      | Noticed Menkaure
  2848 | D:4      | Killed Menkaure
  2848 | D:4      | Reached skill level 1 in Invocations
  3028 | D:4      | Found a bloodstained altar of Trog.
  3322 | D:5      | Entered Level 5 of the Dungeon
  3328 | D:5      | Gained mutation: You regenerate health from kills. [demonic
                  | ancestry]
  3328 | D:5      | Reached XP level 7. HP: 49/49 MP: 8/8
  3597 | D:5      | Found a staircase to the Ecumenical Temple.
  3612 | D:5      | Reached * piety under Hepliaklqana
  3617 | D:5      | Noticed Ijyb
  3627 | D:5      | Killed Ijyb
  3880 | D:5      | Reached skill level 5 in Dodging
  4003 | D:5      | Noticed Grinder
  4014 | D:5      | Killed Grinder
  4014 | D:5      | Reached skill level 5 in Fighting
  4014 | D:5      | Reached skill level 5 in Long Blades
  4070 | D:5      | Reached XP level 8. HP: 31/55 MP: 9/11
  4489 | D:6      | Found a glowing drain.
  4494 | Sewer    | Entered a sewer
  4670 | Sewer    | Reached skill level 5 in Invocations
  5344 | D:7      | Noticed Maggie
  5347 | D:7      | Noticed Joseph
  5348 | D:7      | Gained mutation: Your magical capacity is low. (-10% MP)
                  | [potion of mutation]
  5348 | D:7      | Gained mutation: You have large cloven feet. [potion of
                  | mutation]
  5348 | D:7      | Gained mutation: You evolve. [potion of mutation]
  5360 | D:7      | Slain by a wight

Illustrated notes

Levels and vault maps discovered:
D:1:      nzn_arrival_settlement, layout_basic
D:2:      layout_basic, lemuel_statue_altar, uniq_jessica, uniq_sigmund
D:3:      layout_loops_corners, marbit_many_paths
D:4:      layout_loops_ring, minmay_misc_feat_alley, trog_hazing_becter,
          uniq_menkaure
D:5:      layout_rooms, minmay_temple_entry_tees, kennysheep_big_empty_room,
          minmay_misc_feat_five, kennysheep_generic_room_6, uniq_grinder,
          uniq_ijyb
D:6:      layout_loops_cross, gup_sewer_entry_bowl
D:7:      layout_loops_ring, uniq_crazy_yiuf_cottage, uniq_joseph, uniq_maggie

Skill      XL: |  1  2  3  4  5  6  7  8 |
---------------+-------------------------+-----
Long Blades    | 3 4 5 6 |  6.0
Dodging        | 3 4 5 6 |  6.0
Fighting       | 3 4 5 6 |  6.1
Invocations    | 1 4 5 |  5.5
Throwing       | |  1.7

Action                   |  1- 3 |  4- 6 |  7- 9 || total
-------------------------+-------+-------+-------++-------
Melee: Long sword        |    44 |    95 |   134 ||   273
       Unarmed           |       |       |     9 ||     9
       Kick              |       |       |     3 ||     3
Invok: Ancestor Identity |       |     1 |       ||     1
Evoke: Wand              |       |       |     1 ||     1
  Use: Scroll            |       |       |     2 ||     2
       Potion            |       |       |     6 ||     6
 Stab: Sleeping          |     1 |       |       ||     1
Armor: Leather armour    |     6 |    12 |    31 ||    49
Dodge: Dodged            |    27 |    77 |    90 ||   194
       Rpst.: Long sword |     9 |    17 |    26 ||    52

Table legend: (Time is in decaauts)
 A = Elapsed time spent in this place.
 B = Non-inter-level travel time spent in this place.
 C = Inter-level travel time spent in this place.
 D = Time resting spent in this place.
 E = Time spent auto-exploring this place.
 F = Levels seen in this place.
 G = Mean time per level.
                   A        B        C        D        E       F      G
               +--------+--------+--------+--------+--------+-----+--------+
         Total |   5451 |   5296 |    155 |    745 |   3393 |   8 |  681.4 |
       Dungeon |   5223 |   5068 |    155 |    745 |   3363 |   7 |  746.1 |
         Sewer |    228 |    228 |      0 |      0 |     30 |   1 |  228.0 |
               +--------+--------+--------+--------+--------+-----+--------+

Top non-repeatable levels by time:
     D:2: 1210 daAuts
     D:5: 932 daAuts
     D:3: 911 daAuts
     D:6: 891 daAuts
     D:4: 671 daAuts
     D:1: 559 daAuts
   Sewer: 228 daAuts
     D:7: 45 daAuts
